AoeStats
← _LY_抖音肥龙

African Clearing

505072913Analyzed
4v4 RM · 24d ago on Sep 7, 2026· 31m 0s· 8 players
Game mode
Random Map
Map size
Large (8 player)
Population
200
Speed
Normal
Resources
Standard
Victory
Conquest
Starting age
Dark Age
Ending age
Imperial Age
RankedLock teamsTeams togetherTeam positionsShared explorationLock speedFull tech treeHidden civsTurbo modeCheats
Victory
Defeat
🇩🇪 Persians · Germany
1546
+16
🇩🇪 Maya · Germany
1524
+17
🇳🇱 Berbers · Netherlands
1521
+17
🇧🇷 Tupi · Brazil
1517
+17
🇭🇰 Ethiopians · Hong Kong SAR China
1771
-24
🇨🇳 Mongols · China
1621
-20
🇨🇳 Vietnamese · China
1575
-18
🇨🇳 Magyars · China
1194
-5
Dakar1
7:32 Loom
14:04 Feudal Age
18:52 Castle Age
18:22 Fletching
21:22 Medium Warships
27:36 Bodkin Arrow
30:47 Padded Archer Armor
Komkommersla
6:21 Loom
11:23 Feudal Age
11:57 Double-Bit Axe
13:09 Town Watch
13:07 Horse Collar
19:25 Forging
21:08 Wheelbarrow
24:35 Castle Age
23:04 Scale Barding Armor
24:00 Bloodlines
24:40 Light Cavalry
25:53 Gold Mining
26:14 Bow Saw
27:10 Chain Barding Armor
27:02 Husbandry
28:26 Stone Mining
Blade_PEC
9:05 Loom
12:33 Feudal Age
12:52 Man-at-Arms
18:03 Scale Mail Armor
22:54 Forging
28:26 Castle Age
26:42 Double-Bit Axe
27:33 Gold Mining
28:25 Arson
28:38 Eagle Warrior
29:19 Squires
30:47 Wheelbarrow
31:00 Chain Mail Armor
SbS | Havoc
8:23 Loom
11:02 Feudal Age
11:35 Double-Bit Axe
15:20 Scale Barding Armor
16:09 Horse Collar
22:40 Castle Age
21:49 Bloodlines
22:48 Wheelbarrow
23:31 Bow Saw
30:19 Chain Barding Armor
30:05 Town Watch
30:32 Gold Mining
_LY_抖音肥龙
11:24 Feudal Age
12:02 Double-Bit Axe
12:17 Loom
14:25 Fletching
18:17 Padded Archer Armor
22:49 Castle Age
21:54 Gold Mining
24:05 Bow Saw
24:26 Town Watch
26:50 Wheelbarrow
给你一棒槌
11:32 Loom
13:47 Feudal Age
19:04 Castle Age
17:43 Fletching
18:06 Gold Mining
19:10 Crossbowman
20:39 Wheelbarrow
20:15 Double-Bit Axe
23:20 Bodkin Arrow
25:43 Padded Archer Armor
27:44 Bow Saw
29:01 Leather Archer Armor
30:53 Ballistics
云层贩卖心动
12:40 Feudal Age
14:57 Loom
18:45 Man-at-Arms
21:54 Double-Bit Axe
26:28 Castle Age
lostRiver
14:22 Feudal Age
19:44 Castle Age
18:26 Double-Bit Axe
18:43 Horse Collar
20:42 Bow Saw
21:17 Wheelbarrow
22:29 Loom
31:15 Corvinian Army
Connection lost

Rejoining the realm…

Still unreachable

The connection could not be restored.

Session expired

The server has moved on; the page needs a fresh start.